 Dungeon Crawl Stone Soup version 0.26.1-2-gb8aa6d0cf2 (webtiles) character file.

Game seed: 15355062603918706184

390075 OdinFK the Lord of Darkness (level 23, -11/128 HPs)
             Began as a Vine Stalker Necromancer on Mar 28, 2021.
             Was the Champion of Kikubaaqudgha.
             Mangled by an acid blob (22 damage)
             ... created by the Royal Jelly
             ... on level 4 of the Pits of Slime on Mar 30, 2021.
             The game lasted 05:28:50 (44096 turns).

OdinFK the Lord of Darkness (VSNe)                 Turns: 44096, Time: 05:28:50

Health: -11/128    AC: 15    Str: 15    XL:     23   Next: 8%
Magic:  0/36       EV: 23    Int: 21    God:    Kikubaaqudgha [******]
Gold:   2068       SH:  8    Dex: 22    Spells: 1/38 levels left

rFire    . . .     SeeInvis +   U - +9 quick blade (pain)
rCold    + . .     Faith    .   e - +2 buckler
rNeg     . . .     Spirit   +   O - +5 steam dragon scales
rPois    .         Reflect  .   k - +2 hat
rElec    .         Harm     .   G - +2 cloak {Will+}
rCorr    +         Rampage  .   n - +1 pair of gloves
Will     +++++                  L - +1 pair of boots of Okawaru's Grace {+Blink +Inv SInv}
Stlth    +++++++...             x - amulet of Ritzad {*Drain Will+ Regen+ Int+3 Dex+3}
HPRegen  1.51/turn              z - ring "Daiss" {Will+ rCorr Dex+3}
MPRegen  0.25/turn              q - +4 ring of protection

@: corroded
A: fangs 3, cold resistance 1, regeneration 2, weak 1, magic shield, antimagic
bite, no potion heal 3
}: 2/15 runes: serpentine, barnacled
a: Renounce Religion, Evoke Blink, Evoke Invisibility, Receive Corpses, Torment,
Brand Weapon With Pain, Receive Necronomicon


You were on level 4 of the Pits of Slime.
You worshipped Kikubaaqudgha.
Kikubaaqudgha was exalted by your worship.
You visited 7 branches of the dungeon, and saw 41 of its levels.

You collected 3854 gold pieces.
You spent 1786 gold pieces at shops.

Inventory:

Hand Weapons
 U - a +9 quick blade of pain (weapon)
Missiles
 o - 79 silver javelins
Armour
 e - a +2 buckler (worn)
 g - a +0 buckler of positive energy
 k - a +2 hat (worn)
 n - a +1 pair of gloves (worn)
 G - a +2 cloak of willpower (worn)
 L - the +1 pair of boots of Okawaru's Grace (worn) {+Blink +Inv SInv}
   (You acquired it on level 6 of the Lair of Beasts)

   It lets you see invisible.
   It lets you turn invisible.
   It lets you blink.
 O - +5 steam dragon scales (worn)
Jewellery
 l - an uncursed ring of protection from fire
 q - a +4 ring of protection (right hand)
 s - the ring "Gycsesm" {rC++ rN+ Dex-2}
   (You bought it in a shop on level 1 of the Snake Pit)

   [ring of positive energy]

   It affects your dexterity (-2).
   It greatly protects you from cold.
   It protects you from negative energy.
 x - the amulet of Ritzad (around neck) {*Drain Will+ Regen+ Int+3 Dex+3}
   (You found it on level 6 of the Lair of Beasts)

   [amulet of regeneration]

   It affects your intelligence (+3).
   It affects your dexterity (+3).
   It affects your willpower, your defense against some magical effects.
   It increases your rate of regeneration.
   It causes draining when unequipped.
 y - a +6 ring of intelligence
 z - the ring "Daiss" (left hand) {Will+ rCorr Dex+3}
   (You found it on level 4 of the Shoals)

   [ring of resist corrosion]

   It affects your dexterity (+3).
   It affects your willpower, your defense against some magical effects.
   It provides partial protection from all sources of acid and corrosion.
 X - an uncursed ring of flight
 Y - an uncursed ring of poison resistance
Wands
 a - a wand of paralysis (2)
 v - a wand of acid (26)
 B - a wand of disintegration (50)
 C - a wand of flame (54) (quivered)
 D - a wand of digging (24)
 J - a wand of enslavement (37)
 S - a wand of iceblast (10)
Scrolls
 i - a scroll of identify
 p - 8 scrolls of immolation
 u - 14 scrolls of remove curse
 E - 5 scrolls of fog
 H - 2 scrolls of enchant armour
 M - 10 scrolls of magic mapping
 W - 3 scrolls of vulnerability
Potions
 b - 4 potions of brilliance
 c - 13 potions of curing
 h - 3 potions of haste
 m - 6 potions of magic
 r - a potion of resistance
 A - 4 potions of berserk rage
 I - 6 potions of might
 N - 2 potions of cancellation
 V - 3 potions of ambrosia
Miscellaneous
 d - a condenser vane (inert)
 j - a tin of tremorstones (1/2)
 F - a lightning rod (4/4)
 K - a box of beasts
 Q - a phial of floods
 T - a phantom mirror


   Skills:
 + Level 15.8 Fighting
 - Level 11.0 Short Blades
 + Level 11.2 Dodging
 + Level 15.7 Stealth
 - Level 5.0 Shields
 - Level 8.0 Spellcasting
 + Level 21.5 Necromancy
 - Level 1.0 Translocations
 - Level 7.0 Ice Magic
 + Level 10.0 Earth Magic
 + Level 13.1 Evocations


You had one spell level left.
You knew the following spells:

 Your Spells              Type           Power        Failure   Level
a - Borgnjor's Vile Clut  Necr/Erth      33%          3%          5
b - Dispel Undead         Necr           78%          1%          4
c - Vampiric Draining     Necr           39%          1%          3
d - Agony                 Necr           78%          1%          5
e - Excruciating Wounds   Necr           39%          1%          5
f - Simulacrum            Ice/Necr       31%          12%         6
g - Apportation           Tloc           24%          16%         1
h - Infestation           Necr           39%          21%         8

Your spell library contained the following spells:

 Spells                   Type           Power        Failure   Level
 Animate Skeleton         Necr           100%         1%          1
 Pain                     Necr           100%         1%          1
 Freeze                   Ice            100%         3%          1
 Beastly Appendage        Tmut           16%          21%         1
 Corona                   Hex            8%           21%         1
 Magic Dart               Conj           32%          21%         1
 Summon Small Mammal      Summ           32%          21%         1
 Corpse Rot               Necr/Air       N/A          1%          2
 Sublimation of Blood     Necr           39%          1%          2
 Animate Dead             Necr           39%          1%          4
 Frozen Ramparts          Ice            74%          6%          3
 Ozocubu's Armour         Ice            37%          6%          3
 Ensorcelled Hibernation  Hex/Ice        46%          10%         2
 Blink                    Tloc           N/A          21%         2
 Borgnjor's Revivificati  Necr           39%          21%         8
 Leda's Liquefaction      Hex/Erth       14%          24%         4
 Petrify                  Tmut/Erth      29%          24%         4
 Call Imp                 Summ           8%           28%         2
 Searing Ray              Conj           16%          28%         2
 Slow                     Hex            8%           28%         2
 Wereblood                Tmut           8%           28%         2
 Gell's Gravitas          Tloc           6%           34%         3
 Lesser Beckoning         Tloc           6%           34%         3
 Teleport Other           Tloc           12%          34%         3
 Portal Projectile        Hex/Tloc       20%          38%         3
 Hailstorm                Conj/Ice       23%          38%         4
 Ice Form                 Ice/Tmut       23%          38%         4
 Summon Ice Beast         Ice/Summ       23%          38%         4
 Call Canine Familiar     Summ           8%           45%         3
 Confusing Touch          Hex            8%           45%         3
 Conjure Flame            Conj/Fire      8%           45%         3
 Dazzling Flash           Conj/Hex       16%          45%         3
 Ignite Poison            Fire/Tmut/Pois 8%           45%         3
 Inner Flame              Hex/Fire       8%           45%         3
 Mephitic Cloud           Conj/Pois/Air  8%           45%         3
 Spider Form              Tmut/Pois      4%           45%         3
 Summon Guardian Golem    Hex/Summ       8%           45%         3
 Tukima's Dance           Hex            8%           45%         3
 Passage of Golubria      Tloc           N/A          67%         4
 Iskenderun's Mystic Bla  Conj/Tloc      10%          75%         4
 Cause Fear               Hex            4%           80%         4
 Fulminant Prism          Conj/Hex       4%           80%         4
 Summon Lightning Spire   Summ/Air       8%           80%         4
 Haunt                    Necr/Summ      26%          82%         7
 Death's Door             Necr           39%          89%         9
 Alistair's Intoxication  Tmut/Pois      5%           98%         5
 Blade Hands              Tmut           4%           98%         5
 Fireball                 Conj/Fire      4%           98%         5
 Silence                  Hex/Air        4%           98%         5
 Yara's Violent Unravell  Hex/Tmut       4%           98%         5
 Conjure Ball Lightning   Conj/Air       4%           100%        6
 Invisibility             Hex            8%           100%        6
 Starburst                Conj/Fire      4%           100%        6
 Discord                  Hex            4%           100%        8
 Ignition                 Fire           4%           100%        8
 Necromutation            Tmut/Necr      26%          100%        8
 Tornado                  Air            4%           100%        9


Dungeon Overview and Level Annotations

Branches:
Dungeon (15/15)            Temple (0/1) D:4            Lair (6/6) D:10
 Shoals (4/4) Lair:2        Snake (4/4) Lair:2        Slime (5/5) Lair:5
    Orc (2/2) D:12            Elf (0/3) Orc:2        Vaults (0/5) D:14
 Depths (5/5) D:15
    Zot: Depths:5

Altars:
Cheibriados
Dithmenos
Elyvilon
Gozag
Kikubaaqudgha
Makhleb
Okawaru
Qazlal
Sif Muna
Trog
Uskayaw
Vehumet
Wu Jian
Xom
Jiyva

Shops:
D:4 ((!   D:5 [=   D:8 !   D:12 [   Orc:1 !   Orc:2 *[:(   Shoals:4 [
Snake:1 }=}   Snake:2 !(?*   Depths:1 }!

Portals:
Hell: Depths:1 Depths:2 Depths:3 Depths:4
Abyss: Depths:3 Depths:4
Pandemonium: Depths:1 Depths:3 Depths:5
Ziggurat: Depths:4

Annotations:
D:4 dig for shop
D:7 dig for goodies
D:9 exclusion: obsidian statue
D:14 Deabiumu's ghost, journeyman MiFi
Shoals:1 1 transporter
Slime:5 Royal Jelly
Orc:2 2 transporters, viktor89's ghost, journeyman TeAE
Depths:5 Sojobo


Innate Abilities, Weirdness & Mutations

You have razor-sharp teeth.
You heal very quickly.
When hurt, damage is shared between your health and your magic reserves.
Your bite disrupts and absorbs the magic of your enemies.
Potions cannot restore your health.
Your flesh is cold resistant. (rC+)
You are weak. (Str -2)


Message History

* * * LOW HITPOINT WARNING * * *
The acid blob hits you.
* * * LOW HITPOINT WARNING * * *
You are splashed with acid.
You resist.
* * * LOW HITPOINT WARNING * * *
You climb upwards.
There is a stone staircase leading down, spattered with blood here.
Okay, then.
Clouds of flame condense around you!
The condenser dries out!
The death ooze is engulfed in blazing flames.
The death ooze completely misses you. The death ooze hits you!
* * * LOW HITPOINT WARNING * * *
The death ooze is engulfed in blazing flames.
You block the death ooze's attack. The death ooze barely misses you.
The acid blob is engulfed in blazing flames.
The acid blob misses you.
The acid blob is engulfed in blazing flames.
The acid blob hits you!!
You die...
Kikubaaqudgha rasps: "You have failed me!
Welcome... death!"

##################
##.#..##..##.##...###
#.....§§§§§.........##
##....§J@J§..........# ##*
#.....§JJ§§.........##
##.##*#....§§§§...........#
*....##..................#*
*#......................##
###.......#.............##
#####.#........##........>...#
#.#....#....................##
.......#....................##


You could see 2 acid blobs and 2 death oozes.

Vanquished Creatures
  Frederick (Depths:3)
  A golden dragon (Depths:2)
  A lich (Depths:4)
  2 tentacled monstrosities
  A kraken (Shoals:1)
  28 acid blobs
  Frances (D:13)
  2 sphinxes
  A shadow dragon (Depths:5)
  Ilsuiw (Shoals:4)
  9 nagarajas
  20 azure jellies
  3 tengu reavers
  8 frost giants
  An iron dragon (Depths:4)
  6 fire giants
  An orc warlord (Orc:2)
  A cacodemon (Depths:3)
  The ghost of Sackgasse the Severer, a journeyman MiBe of Trog (Lair:6)
  Aizul (Snake:1)
  12 stone giants
  6 spriggan defenders
  14 very ugly things
  7 spark wasps
  6 fire dragons
  11 death oozes
  7 ettins
  5 merfolk javelineers
  Snorg (D:13)
  8 merfolk impalers
  5 great orbs of eyes
  8 hydras
  3 rakshasas
  3 boulder beetles
  3 yaktaur captains
  4 ice dragons
  4 vault guards (D:14)
  3 alligator snapping turtles (Shoals:4)
  15 naga warriors
  4 catoblepae
  8 spriggan air magi
  8 anacondas
  4 merfolk avatars
  3 satyrs
  12 death yaks
  10 merfolk aquamancers
  11 two-headed ogres
  6 centaur warriors
  2 tengu warriors
  3 vampire magi
  12 naga sharpshooters
  2 ogre magi (Depths:1)
  12 deep troll earth magi
  A queen ant (shapeshifter) (Depths:4)
  10 deep troll shamans
  5 spriggan berserkers
  3 orc high priests (Orc:2)
  9 shock serpents
  3 large abominations
  A deep elf knight (D:15)
  2 sun demons (Depths:3)
  A shadow wraith (D:14)
  An iron troll (Depths:2)
  A salamander mystic (Snake:3)
  40 hell knights
  2 sixfirhies (Depths:3)
  4 skeletal warriors (D:15)
  31 deep trolls
  12 sea snakes
  2 glowing orange brains
  8 unseen horrors
  A deep troll (shapeshifter) (Depths:1)
  5 naga ritualists
  3 wizards
  A flayed ghost (Depths:4)
  A lindwurm (Lair:6)
  14 harpies
  4 necromancers
  4 orc knights
  19 ugly things
  2 wolf spiders
  3 mana vipers
  3 harpies (shapeshifter)
  16 fauns
  6 salamanders
  6 orc sorcerers
  4 shining eyes
  5 cyclopes
  2 deep elf magi (D:15)
  29 black mambas
  3 centaur zombies
  15 manticores
  5 water nymphs
  9 merfolk sirens
  12 naga magi
  Joseph (D:7)
  4 elephants (Lair:6)
  5 guardian serpents
  2 centaur skeletons
  A torpor snail (Lair:4)
  An eye of devastation (Slime:5)
  A black mamba (shapeshifter) (Depths:4)
  Maggie (D:8)
  3 gargoyles
  6 molten gargoyles
  12 komodo dragons
  18 cane toads
  A hellion (Depths:3)
  7 yaktaurs
  18 rime drakes
  2 red devils (Depths:3)
  A tormentor (Depths:3)
  4 freezing wraiths (D:14)
  3 tengu conjurers
  A hellwing (Depths:3)
  27 merfolk
  3 meliai (D:15)
  4 trolls
  8 polar bears
  11 wind drakes
  8 hornets
  6 snapping turtles
  A snapping turtle (shapeshifter) (Depths:1)
  19 blink frogs
  92 slime creatures
  A dream sheep (shapeshifter) (Depths:4)
  11 dream sheep
  3 shadows
  70 yaks
  A tarantella (shapeshifter) (Depths:4)
  6 spriggans
  3 wraiths (D:14)
  2 ynoxinuls (Depths:3)
  2 vampires
  4 basilisks
  11 wyverns
  A human (shapeshifter) (Depths:3)
  15 water elementals
  15 golden eyes
  2 vampire mosquitoes (D:14)
  5 chaos spawn
  12 steam dragons
  2 wargs
  18 water moccasins
  51 nagas
  2 acid dragons
  2 hell hounds (Depths:3)
  A floating eye (Depths:3)
  39 orc warriors
  3 ice beasts
  4 sky beasts
  A black bear (D:11)
  12 ogres
  A phantom (D:7)
  4 eyes of draining
  A necrophage (D:11)
  4 small abominations
  4 boggarts (Depths:2)
  10 wolves (Lair:1)
  13 centaurs
  16 bullfrogs
  The ghost of DearestLeader the Sneak, an amateur SpEn (D:3)
  3 wyvern zombies (D:14)
  A wyvern skeleton (D:12)
  6 scorpions
  7 killer bees
  2 howler monkeys
  12 wights
  2 electric eels
  4 crimson imps (D:4)
  5 lava snakes (Lair:4)
  5 jellies
  2 quasits
  29 orc priests
  A bullfrog skeleton (D:12)
  7 hounds
  Crazy Yiuf (D:4)
  Jessica (D:2)
  3 iguanas
  Terence (D:3)
  Natasha (thrice) (D:3)
  28 orc wizards
  8 hell rats
  6 worker ants
  A hound zombie (D:6)
  3 worker ant zombies
  Robin (D:2)
  5 gnolls
  5 adders
  A shadow imp (D:9)
  5 white imps
  2 ufetubi
  An ooze (D:2)
  An adder skeleton (D:9)
  An adder zombie (D:5)
  3 worms
  3 dart slugs
  5 leopard geckos
  108 orcs
  3 giant cockroaches
  19 goblins
  8 hobgoblins
  12 jackals
  9 kobolds
  6 quokkas
  A ball python (D:3)
  5 bats
  5 frilled lizards
  A leopard gecko skeleton (D:4)
  A quokka zombie (D:5)
  7 rats
  5 tentacles (Shoals:1)
1608 creatures vanquished.

Vanquished Creatures (collateral kills)
  A bone dragon (Depths:5)
  the Enchantress (Depths:2)
  A stone giant (Depths:5)
  3 hydras (Lair:3)
  A deep troll shaman (Depths:5)
  A death yak (Lair:4)
  An iron troll (Depths:5)
  A glowing orange brain (Depths:5)
  2 necromancers (Depths:5)
  An elephant (Lair:6)
  2 komodo dragons
  A cane toad (Lair:6)
  A yaktaur (Depths:1)
  A slime creature (Slime:5)
  A wyvern (Lair:4)
  A steam dragon (Lair:6)
  3 nagas (Snake:4)
  A hell rat (Lair:3)
24 creatures vanquished.

Vanquished Creatures (others)
  A rime drake (Lair:6)
  A quasit (Depths:1)
  A bush (Depths:2)
  52 fungi
  221 plants
  5 tentacles (Shoals:1)
281 creatures vanquished.

Grand Total: 1913 creatures vanquished

Notes
Turn   | Place    | Note
-------+----------+-------------------------------------------
     0 | D:1      | OdinFK the Vine Stalker Necromancer began the quest for the
                  | Orb.
     0 | D:1      | Reached XP level 1. HP: 9/9 MP: 4/4
     2 | D:1      | Learned a level 1 spell: Animate Skeleton
   312 | D:1      | Reached XP level 2. HP: 9/14 MP: 0/6
   357 | D:1      | Reached skill level 1 in Fighting
   644 | D:1      | Reached XP level 3. HP: 17/18 MP: 5/7
   908 | D:2      | Found an opulent altar of Gozag.
   924 | D:2      | Noticed Robin
   968 | D:1      | Learned a level 3 spell: Vampiric Draining
  1125 | D:2      | Noticed Jessica
  1182 | D:2      | Killed Jessica
  1183 | D:2      | Gained mutation: Your natural rate of healing is unusually
                  | fast. [Vine Stalker growth]
  1183 | D:2      | Reached XP level 4. HP: 7/23 MP: 0/8
  1239 | D:2      | Reached skill level 5 in Necromancy
  1514 | D:2      | Found an iron altar of Okawaru.
  1675 | D:2      | Reached XP level 5. HP: 24/26 MP: 4/9
  1684 | D:2      | Killed Robin
  1912 | D:3      | Found a runed translucent door.
  1912 | D:3      | Noticed DearestLeader's ghost (amateur SpEn)
  1976 | D:3      | Noticed a +0 hand axe
  1977 | D:3      | Noticed a +0 hand axe
  1980 | D:3      | Found a hide-covered altar of Uskayaw.
  1992 | D:3      | Noticed Natasha
  2013 | D:3      | Killed Natasha
  2044 | D:3      | Noticed Natasha
  2051 | D:3      | Killed Natasha
  2052 | D:3      | Reached skill level 6 in Necromancy
  2073 | D:3      | Noticed Terence
  2081 | D:3      | Killed Terence
  2167 | D:3      | Reached XP level 6. HP: 23/30 MP: 10/10
  2524 | D:3      | Found a shimmering blue altar of Sif Muna.
  2621 | D:3      | Killed DearestLeader's ghost
  2729 | D:4      | Found an ancient bone altar of Kikubaaqudgha.
  2731 | D:4      | Became a worshipper of Kikubaaqudgha
  2836 | D:4      | Found Siovifoa's Distillery.
  2852 | D:4      | Bought a potion of lignification for 39 gold pieces
  2852 | D:4      | Bought a potion of might for 52 gold pieces
  2857 | D:4      | Found a staircase to the Ecumenical Temple.
  2885 | D:4      | Found an ornate altar of the Wu Jian Council.
  2910 | D:4      | Found a shimmering altar of Xom.
  2914 | D:4      | Found a burning altar of Makhleb.
  2949 | D:4      | Found a radiant altar of Vehumet.
  3062 | D:4      | Reached XP level 7. HP: 35/36 MP: 11/11
  3191 | D:4      | Found a runed translucent door.
  3308 | D:4      | Reached skill level 7 in Necromancy
  3308 | D:4      | Reached skill level 1 in Evocations
  3409 | D:4      | Found a stormy altar of Qazlal.
  3429 | D:4      | Found Guaf Vez's Weapon Emporium.
  3446 | D:4      | Reached skill level 1 in Short Blades
  3478 | D:4      | Reached * piety under Kikubaaqudgha
  3478 | D:4      | Identified Kikubaaqudgha's Papyrus of Unholy Rites
                  | (Kikubaaqudgha gifted it to you on level 4 of the Dungeon)
  3478 | D:4      | Received a gift from Kikubaaqudgha
  3533 | D:4      | Found Dirchyont's Weapon Boutique.
  3584 | D:3      | Noticed Natasha
  3590 | D:3      | Killed Natasha
  3670 | D:4      | Noticed Crazy Yiuf
  3681 | D:4      | Killed Crazy Yiuf
  3707 | D:5      | Entered Level 5 of the Dungeon
  3738 | D:5      | Learned a level 5 spell: Agony
  3793 | D:5      | Found Agaga's Armour Shop.
  4023 | D:5      | Found Wehyhaa's Jewellery Shop.
  4154 | D:5      | Found a shadowy altar of Dithmenos.
  4180 | D:5      | Reached skill level 8 in Necromancy
  4180 | D:5      | Gained mutation: You have razor-sharp teeth. [Vine Stalker
                  | growth]
  4180 | D:5      | Reached XP level 8. HP: 37/40 MP: 12/12
  4959 | D:7      | Reached ** piety under Kikubaaqudgha
  5199 | D:7      | Noticed Joseph
  5515 | D:7      | Killed Joseph
  5516 | D:7      | Reached skill level 9 in Necromancy
  5516 | D:7      | Reached XP level 9. HP: 46/46 MP: 14/14
  5589 | D:8      | Found a stormy altar of Qazlal.
  5793 | D:8      | Reached skill level 5 in Fighting
  5875 | D:8      | Noticed a two-headed ogre
  6005 | D:8      | Found Zefrot's Distillery.
  6009 | D:8      | Bought a potion of resistance for 110 gold pieces
  6009 | D:8      | Bought a potion of haste for 110 gold pieces
  6009 | D:8      | Bought a potion of degeneration for 11 gold pieces
  6110 | D:8      | Found an opulent altar of Gozag.
  6135 | D:8      | Noticed a two-headed ogre
  6404 | D:8      | Reached skill level 10 in Necromancy
  6437 | D:8      | Noticed Maggie
  6589 | D:9      | Noticed a molten gargoyle
  6708 | D:9      | Noticed an obsidian statue
  6926 | D:9      | Noticed a molten gargoyle
  6952 | D:9      | Noticed a molten gargoyle
  6953 | D:9      | Noticed a molten gargoyle
  7023 | D:8      | HP: 1/47 [acid (13)]
  7024 | D:8      | Killed Maggie
  7516 | D:9      | Reached skill level 11 in Necromancy
  7645 | D:10     | Entered Level 10 of the Dungeon
  7721 | D:10     | Reached XP level 10. HP: 43/51 MP: 15/15
  7959 | D:10     | Reached *** piety under Kikubaaqudgha
  7959 | D:10     | Identified Kikubaaqudgha's Compendium of Black Secrets
                  | (Kikubaaqudgha gifted it to you on level 10 of the Dungeon)
  7959 | D:10     | Received a gift from Kikubaaqudgha
  7973 | D:10     | Learned a level 5 spell: Excruciating Wounds
  8151 | D:10     | Found a staircase to the Lair.
  9209 | D:11     | Reached skill level 5 in Short Blades
  9275 | D:11     | Paralysed by a hornet for 3 turns
  9311 | D:11     | Reached **** piety under Kikubaaqudgha
  9360 | D:11     | Got a dazzling leather armour
  9386 | D:11     | Identified the cursed +1 leather armour of Lugonu's
                  | Vengeance {-Cast rPois rF+ Will+} (You found it on level 11
                  | of the Dungeon)
  9483 | D:11     | Noticed a boulder beetle
  9526 | D:11     | Noticed a brown ugly thing
  9609 | D:11     | Killed a brown ugly thing
 10103 | Lair:1   | Entered Level 1 of the Lair of Beasts
 10141 | Lair:1   | Reached XP level 11. HP: 48/58 MP: 5/16
 10492 | Lair:1   | Reached skill level 12 in Necromancy
 11399 | Lair:2   | Reached skill level 13 in Necromancy
 11481 | Lair:2   | Found a staircase to the Snake Pit.
 11521 | Lair:2   | Noticed a catoblepas
 11698 | Lair:2   | Found a staircase to the Shoals.
 12098 | Lair:3   | You fall into a shaft and drop 1 floor!
 12124 | Lair:4   | Noticed a death yak
 12124 | Lair:4   | Noticed a death yak
 12125 | Lair:4   | Noticed a death yak
 12125 | Lair:4   | Noticed a death yak
 12429 | Lair:3   | Gained mutation: You heal very quickly. [Vine Stalker
                  | growth]
 12429 | Lair:3   | Reached XP level 12. HP: 62/63 MP: 6/17
 12612 | Lair:3   | Reached skill level 5 in Stealth
 12619 | Lair:3   | Learned a level 4 spell: Animate Dead
 12655 | Lair:3   | Reached skill level 5 in Evocations
 12690 | Lair:3   | Noticed a four-headed hydra
 12712 | Lair:3   | Noticed a five-headed hydra
 12780 | Lair:3   | Killed a five-headed hydra
 12821 | Lair:3   | Reached skill level 5 in Dodging
 12827 | Lair:3   | Noticed a six-headed hydra
 12828 | Lair:3   | Noticed a seven-headed hydra
 12873 | Lair:3   | Killed a six-headed hydra
 12988 | Lair:3   | Reached ***** piety under Kikubaaqudgha
 13030 | Lair:3   | Got an iridescent rapier
 13031 | Lair:3   | Identified the cursed +1 rapier of Egomania {antimagic,
                  | +Fly rPois Dex+5 Stlth-} (You found it on level 3 of the
                  | Lair of Beasts)
 13081 | Lair:3   | Noticed a four-headed hydra
 13082 | Lair:3   | Noticed an eight-headed hydra
 13101 | Lair:3   | Killed a four-headed hydra
 13163 | Lair:3   | Killed a seven-headed hydra
 13179 | Lair:3   | Killed an eight-headed hydra
 13189 | Lair:3   | Killed a four-headed hydra
 13311 | Lair:3   | Reached skill level 14 in Necromancy
 13349 | Lair:3   | Reached XP level 13. HP: 70/70 MP: 18/18
 13977 | Lair:4   | Reached skill level 15 in Necromancy
 14836 | Lair:5   | Got an ichor-stained ring mail
 14850 | Lair:5   | Identified the +3 ring mail of Baldness {rC- Int+4 Slay+2}
                  | (You found it on level 5 of the Lair of Beasts)
 14902 | Lair:5   | Found a staircase to the Slime Pits.
 15202 | Lair:5   | Reached XP level 14. HP: 57/75 MP: 5/21
 15541 | Lair:6   | Entered Level 6 of the Lair of Beasts
 15792 | Lair:6   | Reached skill level 5 in Spellcasting
 15838 | Lair:6   | Found a runed translucent gate.
 15838 | Lair:6   | Found a runed translucent gate.
 15840 | Lair:6   | Found a runed translucent gate.
 15841 | Lair:6   | Noticed Sackgasse's ghost (journeyman MiBe)
 16499 | Lair:6   | Reached skill level 10 in Fighting
 16520 | Lair:6   | Reached ****** piety under Kikubaaqudgha
 17073 | Lair:6   | Identified 2 scrolls of acquirement
 17100 | Lair:6   | Acquired a +4 quick blade
 17104 | Lair:6   | Acquired the +1 pair of boots of Okawaru's Grace {+Blink
                  | +Inv SInv}
 17129 | Lair:6   | Got a fine garnet amulet
 17140 | Lair:6   | Identified the amulet of Ritzad {*Drain Will+ Regen+ Int+3
                  | Dex+3} (You found it on level 6 of the Lair of Beasts)
 17603 | D:11     | Reached XP level 15. HP: 81/81 MP: 23/23
 17873 | D:12     | Found Erareod's Armour Shop.
 17898 | D:12     | Reached skill level 16 in Necromancy
 18003 | D:11     | Reached skill level 10 in Short Blades
 18083 | D:12     | Found a staircase to the Orcish Mines.
 18936 | D:13     | Found a white marble altar of Elyvilon.
 18952 | D:13     | Noticed Snorg
 18960 | D:13     | Killed Snorg
 18989 | D:13     | Noticed Frances
 19009 | D:13     | Killed Frances
 19557 | D:14     | Found a runed translucent gate.
 19557 | D:14     | Found a runed translucent gate.
 20252 | D:14     | Found a runed translucent gate.
 20252 | D:14     | Noticed Deabiumu's ghost (journeyman MiFi)
 20385 | D:14     | Found a gate to the Vaults.
 20428 | D:14     | Reached skill level 17 in Necromancy
 20665 | D:12     | Bought a +0 buckler for 63 gold pieces
 20932 | D:14     | Reached skill level 1 in Shields
 21026 | D:15     | Entered Level 15 of the Dungeon
 21125 | D:15     | Learned a level 4 spell: Dispel Undead
 21315 | D:15     | Reached XP level 16. HP: 87/87 MP: 19/25
 21914 | D:15     | Found a snail-covered altar of Cheibriados.
 22086 | D:15     | Found a staircase to the Depths.
 22180 | Orc:1    | Entered Level 1 of the Orcish Mines
 22289 | Orc:1    | Found Ruive's Distillery.
 22485 | Orc:2    | Entered Level 2 of the Orcish Mines
 22761 | Orc:2    | Found a staircase to the Elven Halls.
 23308 | Orc:2    | Found a transporter.
 23311 | Orc:2    | Noticed viktor89's ghost (journeyman TeAE)
 23317 | Orc:2    | Found a transporter.
 23361 | Orc:2    | Found Uchijion's General Store.
 23362 | Orc:2    | Found Ygue's Book Shoppe.
 23366 | Orc:2    | Found Gugri's Antique Armour Shoppe.
 23366 | Orc:2    | Found Wuurug's Antique Weapon Emporium.
 23416 | Orc:2    | Bought a scroll of identify for 26 gold pieces
 23427 | Orc:2    | Bought a pair of glowing gloves for 112 gold pieces
 23746 | Snake:1  | Entered Level 1 of the Snake Pit
 23788 | Snake:1  | Learned a level 6 spell: Simulacrum
 23958 | Snake:1  | Found Ranomes's Gadget Shoppe.
 23958 | Snake:1  | Found Viahefai's Jewellery Shop.
 23959 | Snake:1  | Found Zeufukoi's Gadget Shoppe.
 23979 | Snake:1  | Bought a box of beasts for 520 gold pieces
 23981 | Snake:1  | Bought the ring "Gycsesm" {rC++ rN+ Dex-2} for 443 gold
                  | pieces
 24033 | Snake:1  | Reached skill level 1 in Ice Magic
 24052 | Snake:1  | Acquired the Incunabulum of Malediction and Earth
 24164 | Snake:1  | Found an ancient bone altar of Kikubaaqudgha.
 24363 | Snake:1  | Noticed Aizul
 24533 | Snake:1  | Killed Aizul
 24705 | Snake:2  | Found Edutegof's Distillery.
 24802 | Snake:2  | Found a white marble altar of Elyvilon.
 24829 | Snake:2  | Reached skill level 10 in Stealth
 24988 | Snake:2  | Found Reururphuha's Magic Scroll Shop.
 25046 | Snake:2  | Bought a scroll of brand weapon for 300 gold pieces
 25060 | Snake:2  | Found Rutile's Assorted Antiques.
 25289 | Snake:2  | Found Kolleedo's Weapon Emporium.
 25445 | Snake:2  | Reached skill level 10 in Evocations
 25445 | Snake:2  | Reached XP level 17. HP: 76/88 MP: 28/28
 26641 | Snake:4  | Entered Level 4 of the Snake Pit
 27720 | Snake:4  | Reached skill level 18 in Necromancy
 27748 | Snake:4  | Found a bloodstained altar of Trog.
 27912 | Snake:4  | Reached skill level 5 in Ice Magic
 28318 | Snake:4  | Reached XP level 18. HP: 93/99 MP: 26/29
 28359 | Snake:4  | Got a serpentine rune of Zot
 28490 | Lair:2   | Learned a level 5 spell: Borgnjor's Vile Clutch
 28535 | Shoals:1 | Entered Level 1 of the Shoals
 28741 | Shoals:1 | Reached skill level 1 in Earth Magic
 28955 | Shoals:1 | Identified the +1 trident of Uncertain Death {distort,
                  | Dex+4}
 28998 | Shoals:1 | Found a transporter.
 29021 | Shoals:1 | Noticed a profane servitor
 29908 | Shoals:2 | Reached skill level 5 in Earth Magic
 30293 | Shoals:3 | Learned a level 1 spell: Apportation
 30494 | Shoals:3 | Reached skill level 1 in Translocations
 30988 | Shoals:3 | Reached skill level 19 in Necromancy
 31213 | Shoals:4 | Entered Level 4 of the Shoals
 31705 | Shoals:4 | Reached XP level 19. HP: 64/104 MP: 15/32
 31729 | Shoals:4 | Identified the Grimoire of Necromancy
 31925 | Shoals:4 | Got a clouded copper ring
 31926 | Shoals:4 | Identified the ring "Daiss" {Will+ rCorr Dex+3} (You found
                  | it on level 4 of the Shoals)
 32015 | Shoals:4 | Noticed Ilsuiw
 32030 | Shoals:4 | Killed Ilsuiw
 32116 | Shoals:4 | Identified the +2 great sword of Dim Light {freeze,
                  | *Corrode rElec rN+ Dex+5} (You found it on level 4 of the
                  | Shoals)
 32366 | Shoals:4 | Found Fuidij's Armour Shoppe.
 32577 | Shoals:4 | Got a barnacled rune of Zot
 33246 | Depths:1 | Entered Level 1 of the Depths
 33618 | Depths:1 | Found Girit's Gadget Boutique.
 33631 | Depths:1 | Found Ziffuu's Distillery.
 33882 | Depths:1 | Found a gateway to Hell.
 34432 | Depths:1 | Found a one-way gate leading to the halls of Pandemonium.
 34793 | Depths:2 | Reached XP level 20. HP: 110/110 MP: 27/33
 34793 | Depths:2 | Noticed a golden dragon
 34797 | Depths:2 | Killed a golden dragon
 35632 | Depths:3 | Noticed Frederick
 36259 | Depths:3 | Noticed the Enchantress
 36422 | Depths:2 | Killed the Enchantress
 36496 | Depths:3 | Found a one-way gate to the infinite horrors of the Abyss.
 36619 | Depths:3 | Reached skill level 10 in Dodging
 37124 | Depths:3 | Identified the cursed +3 lajatang "Ximoul" {freeze, *Noise
                  | rF+ Will++ Stlth+}
 37156 | Depths:3 | Killed Frederick
 37157 | Depths:3 | Reached skill level 20 in Necromancy
 37387 | Depths:3 | Found the +8 trident of the Octopus King {venom, rElec
                  | rPois Will+}
 37632 | Depths:3 | Reached XP level 21. HP: 82/116 MP: 24/34
 38099 | Depths:3 | Reached skill level 15 in Fighting
 38101 | Depths:4 | Paralysed by a floating eye for 4 turns
 38896 | Depths:4 | Reached skill level 21 in Necromancy
 39146 | Depths:4 | You fall into a shaft and drop 1 floor!
 39146 | Depths:5 | Entered Level 5 of the Depths
 39233 | Depths:4 | Found a gateway to a ziggurat.
 39426 | Depths:4 | Reached skill level 5 in Shields
 39775 | Depths:5 | Reached XP level 22. HP: 122/122 MP: 35/35
 39784 | Depths:5 | Learned a level 8 spell: Infestation
 40035 | Depths:5 | Noticed Sojobo
 40719 | Lair:6   | Killed Sackgasse's ghost
 40782 | Slime:1  | Entered Level 1 of the Pits of Slime
 40874 | Slime:2  | Reached skill level 15 in Stealth
 41340 | Slime:5  | Entered Level 5 of the Pits of Slime
 41954 | Slime:5  | Noticed the Royal Jelly
 41955 | Slime:5  | Found a viscous altar of Jiyva.
 43448 | Slime:2  | Gained mutation: You are weak. (Str -2) [a shining eye]
 43471 | Slime:2  | Reached XP level 23. HP: 128/128 MP: 36/36
 43591 | Slime:2  | Reached skill level 10 in Earth Magic
 43699 | Slime:1  | Gained mutation: Your flesh is cold resistant. (rC+) [a
                  | shining eye]
 44096 | Slime:4  | Mangled by an acid blob

Illustrated notes

Levels and vault maps discovered:
D:1:      nicolae_arrival_somewhat_less_tricky_arrival, layout_rooms,
          serial_forest, infiniplex_forest_clump_medium,
          infiniplex_forest_split, infiniplex_forest_lined_3,
          infiniplex_forest_lined_room_2, infiniplex_forest_zigzag_1,
          infiniplex_forest_end_1, infiniplex_forest_clump_large,
          infiniplex_forest_straight_2, infiniplex_forest_split,
          infiniplex_forest_clump_curved, grunt_decor_one_mirror
D:2:      layout_basic, kennysheep_okawaru_gauntlet, nicolae_gozag_seed_capital,
          uniq_jessica, uniq_robin
D:3:      layout_basic, dancing_weapons_uskayaw, overflow_temple_1_default,
          hellmonk_ghost_happy_afterlife, minivault_11, serial_bayou_ford_a,
          minivault_24, kennysheep_generic_room_12, uniq_terence, uniq_natasha
D:4:      layout_cave_pools, bloody_makhleb, marbit_many_paths, led_xom_imps,
          lemuel_crystal_altar, kennysheep_mini,
          minmay_temple_entry_gardened_gates, serial_shops, shop, shop,
          shop_statue, vehumet_altar_wand_db, uniq_crazy_yiuf_cottage
D:5:      layout_rooms, serial_shops, kennysheep_little_box, shop,
          palyth_stone_intersect, nicolae_dithmenos_through_a_glass_darkly
D:6:      layout_basic
D:7:      layout_rooms, due_unseen_surprise, uniq_joseph
D:8:      layout_basic, nicolae_overflow_crystal_walls, basic_altar,
          serial_shops, shop, uniq_maggie
D:9:      minmay_statue_hallways, layout_loops_ring,
          chequers_serial_rivers_small_b, minivault_1, minivault_8
D:10:     layout_basic, lair_entry_dummy, special_room [special_room_orc]
D:11:     layout_gridville
D:12:     layout_cave_pods, orc_david_3
D:13:     layout_loops_ring, elyvilon_altar_4, uniq_frances, uniq_snorg
D:14:     layout_roguey, lightli_vaults_fourway_checkpoint,
          minmay_misc_feat_roman, gammafunk_ghost_spectres, minmay_the_grid_2x2
          [minmay_the_grid_slots, minmay_the_grid_x, minmay_the_grid_all_tris,
          minmay_the_grid_prize_inner_circle]
D:15:     hangedman_depths_entry_civil_slaughter, layout_basic,
          cheibriados_altar_1
Lair:1:   beast_lair_carwin_large_3, layout_layer_cave, grunt_megastairs_1
Lair:2:   layout_chaotic_city, shoals_dummy_entry, dummy_snake_entry,
          serial_bayou_lagoon_a
Lair:3:   nzn_winding_woodlands_large [nzn_winding_woodlands_5x5_perimeter,
          nzn_winding_woodlands_5x15_default,
          nzn_winding_woodlands_5x5_checkerboard,
          nzn_winding_woodlands_center_pierced_h,
          nzn_winding_woodlands_15x15_boxy_spiral,
          nzn_winding_woodlands_center_garden, nzn_winding_woodlands_5x5_three,
          nzn_winding_woodlands_5x15_default, nzn_winding_woodlands_hourglass],
          layout_chaotic_city, serial_bayou_pond_c, infiniplex_staircase_pool_2
Lair:4:   cheibrodos_magma_flow, layout_loops_ring
Lair:5:   layout_regular_city, slime_dummy, nicolae_lair_yak_garden,
          serial_bayou_shore_b
Lair:6:   gammafunk_lair_ancient_temple, layout_misc_corridors,
          gammafunk_ghost_hydra_chop, bobbens_dragon_lair_wall,
          serial_bayou_shore_b, grunt_megastairs_5, serial_bayou_shore_a,
          lemuel_fruit_tree
Shoals:1: layout_shoals, gammafunk_ghost_abyssal_escape
Shoals:2: layout_shoals, nicolae_shoals_water_shrine
Shoals:3: layout_shoals, nicolae_shoals_loop_pool, uniq_polyphemus
Shoals:4: shoals_end_hangedman, layout_shoals, shoals_ilsuiw_ice, serial_shops,
          shop
Snake:1:  layout_basic, basic_altar, grunt_ministairs_8, minmay_shop_grove,
          uniq_aizul
Snake:2:  layout_gridlike, serial_shops, nicolae_shop_statue_plus,
          nicolae_shop_temple_entry_statues_fountains, nicolae_shop_waterfront,
          nicolae_shop_statue_plus, basic_altar
Snake:3:  layout_honeycomb
Snake:4:  grunt_snake_rune_spirals, layout_onion_interference, basic_altar,
          statue_in_the_mist_lemuel
Slime:1:  layout_caves
Slime:2:  layout_caves, nicolae_slime_round_cave
Slime:3:  layout_caves, nicolae_slime_barrier
Slime:4:  layout_caves, nicolae_slime_phagocytosis
Slime:5
Orc:1:    layout_caves, serial_shops,
          nicolae_shop_temple_entry_statues_fountains
Orc:2:    st_orc_congregation, layout_caves, gammafunk_ghost_smash,
          nicolae_orc_lava_room
Depths:1: layout_roguey, hell_entry, minmay_misc_feat_rugged,
          rand_demon_pan_entry_8, minmay_misc_feat_five, bh_walls_and_bars,
          minmay_shop_star
Depths:2: hangedman_arrow_trap, layout_cave_shapes, minmay_hedge_maze,
          hangedman_coc_ice_floe
Depths:3: kennysheep_demon_jail, layout_cross, abyss_entry, pan_entry,
          kennysheep_doodads, hellmouth_1, infiniplex_staircase_spiral,
          serial_bayou_shore_b, grunt_megastairs_4, uniq_enchantress,
          uniq_frederick
Depths:4: hangedman_stitches_corridor, layout_cave_shapes, enter_ziggurat_a,
          pf_hell_entry_tar_spiral, minmay_misc_feat_more_columns,
          minmay_room_of_horrors, evilmike_butchery
Depths:5: evilmike_zot_entry_round, layout_twisted_cross,
          chequers_serial_rivers_room_b, hell_entry, pan_entry,
          roderic_lattice_octagonal_star, uniq_sojobo

Skill      XL: |  1  2  3  4  5  6  7  8  9 10 11 12 13 14 15 16 17 18 19 20 21 22 23 |
---------------+----------------------------------------------------------------------+-----
Fighting       | 1 2 3 4 5 6 7 9 10 11 12 13 14 15 | 15.8
Dodging        | 2 3 4 5 6 7 8 9 10 11 | 11.2
Necromancy     | 5 6 8 9 11 13 14 15 17 18 19 20 21 | 21.5
Stealth        | 3 4 5 6 8 10 11 12 14 15 | 15.7
Evocations     | 1 2 4 6 8 9 10 11 12 13 | 13.1
Short Blades   | 2 3 4 5 6 8 9 10 11 | 11.0
Spellcasting   | 3 4 5 6 7 8 |  8.0
Shields        | 2 4 5 |  5.0
Ice Magic      | 3 5 7 |  7.0
Earth Magic    | 5 7 9 10 | 10.0
Translocations | 1 |  1.0

Action                   |  1- 3 |  4- 6 |  7- 9 | 10-12 | 13-15 | 16-18 | 19-21 | 22-24 || total
-------------------------+-------+-------+-------+-------+-------+-------+-------+-------++-------
Melee: Unarmed           |     1 |       |       |       |       |       |       |       ||     1
       Dagger            |    27 |     2 |       |       |       |       |       |       ||    29
       Bite              |     6 |    31 |   105 |   188 |   538 |   561 |   615 |   389 ||  2433
       Short sword       |       |   146 |   123 |   538 |   779 |       |       |       ||  1586
       Rapier            |       |       |   297 |   134 |       |       |       |       ||   431
       Quick blade       |       |       |       |       |   797 |  1645 |  1624 |   784 ||  4850
Throw: Javelin           |    13 |     6 |       |       |       |       |     2 |       ||    21
       Dart              |       |       |    38 |    13 |    29 |       |       |       ||    80
 Cast: Pain              |    51 |    73 |    55 |       |       |       |       |       ||   179
       Animate Skeleton  |     1 |     1 |       |     6 |       |       |       |       ||     8
       Vampiric Draining |       |       |    14 |    14 |     4 |       |       |       ||    32
       Agony             |       |       |     1 |    31 |    62 |    78 |    52 |     6 ||   230
       Excruciating Woun |       |       |       |    34 |    44 |    75 |    67 |    32 ||   252
       Animate Dead      |       |       |       |     4 |    16 |     4 |       |       ||    24
       Dispel Undead     |       |       |       |       |     6 |       |       |     3 ||     9
       Borgnjor's Vile C |       |       |       |       |       |    31 |    35 |    23 ||    89
       Simulacrum        |       |       |       |       |       |       |     1 |     1 ||     2
       Infestation       |       |       |       |       |       |       |       |     2 ||     2
Invok: Receive Corpses   |       |       |       |       |       |     1 |       |     1 ||     2
 Abil: Evoke Invisibilit |       |       |       |       |       |     1 |       |       ||     1
       Evoke Flight      |       |       |       |       |       |     1 |       |       ||     1
       Evoke Blink       |       |       |       |       |       |       |     3 |       ||     3
Evoke: Wand              |       |       |     7 |    15 |    10 |    11 |    19 |    66 ||   128
       Phantom mirror    |       |       |       |     2 |     1 |       |       |     1 ||     4
       Phial of floods   |       |       |       |       |     1 |       |     1 |       ||     2
       Condenser vane    |       |       |       |       |       |     1 |     4 |     2 ||     7
       Tin of tremorston |       |       |       |       |       |       |     3 |     2 ||     5
       Box of beasts     |       |       |       |       |       |       |     1 |     1 ||     2
       Lightning rod     |       |       |       |       |       |       |     1 |       ||     1
  Use: Scroll            |       |       |    10 |    16 |    26 |    14 |    15 |     7 ||    88
       Potion            |       |       |       |       |       |       |     5 |     3 ||     8
 Stab: Sleeping          |     1 |     5 |     9 |     8 |    35 |    36 |    24 |    23 ||   141
       Paralysed         |       |       |     4 |     8 |       |     6 |     2 |       ||    20
       Distracted        |       |       |       |       |     6 |     1 |     5 |     2 ||    14
       Petrifying        |       |       |       |       |     1 |       |       |       ||     1
       Invisible         |       |       |       |       |       |     1 |       |       ||     1
Armor: Robe              |     5 |    42 |    70 |       |       |       |       |       ||   117
       Leather armour    |       |       |    70 |       |       |       |       |       ||    70
       Steam dragon scal |       |       |     9 |   223 |   301 |   292 |   300 |   177 ||  1302
Dodge: Dodged            |    16 |   101 |   295 |   513 |   902 |   599 |   613 |   292 ||  3331
Block: Buckler           |       |       |       |       |    14 |   244 |   271 |   126 ||   655
